 Dungeon Crawl Stone Soup version 0.30-a0-462-gd5975efbca (webtiles) character file.

Game seed: 11100077795947887130

1948 coraxio the Sneak (level 8, 73/73 HPs)
             Began as an Armataur Monk on Dec 16, 2022.
             Was a Follower of Uskayaw.
             Quit the game on level 8 of the Dungeon on Dec 17, 2022.
             The game lasted 00:34:26 (8150 turns).

coraxio the Sneak (Armataur Monk)                   Turns: 8150, Time: 00:34:27

Health: 73/73      AC:  7    Str: 16    XL:     8   Next: 98%
Magic:  11/11      EV:  9    Int: 10    God:    Uskayaw [*.....]
Gold:   305        SH:  0    Dex: 16    Spells: 8/11 levels left

rFire   . . .      SeeInvis .    O - +2 dagger (drain)
rCold   . . .      Faith    .    (no shield)
rNeg    . . .      Spirit   .    B - +0 ring mail
rPois   .          Reflect  .    (no helmet)
rElec   .          Harm     .    M - +0 cloak
rCorr   .          Roll     +    (no gloves)
Will    .....                    (no barding)
Stlth   +++.......               (no amulet)
HPRegen 0.32/turn                (no ring)
MPRegen 0.12/turn                (no ring)

@: no status effects
A: large, rugged brown scales 3, deformed body, armoured tail, roll, long
tongue, awkward tongue
a: Renounce Religion, Stomp


You were on level 8 of the Dungeon.
You worshipped Uskayaw.
Uskayaw was noncommittal.
You visited 2 branches of the dungeon, and saw 9 of its levels.
You also visited: Ossuary.

You collected 305 gold pieces.

Inventory:

Hand Weapons
 a - a +0 falchion
 c - a +0 hand axe of venom
 f - a +0 mace
 z - a +0 rapier
 K - a +2 whip of venom
 O - a +2 dagger of draining (weapon)
Missiles
 g - 62 stones (quivered)
Armour
 b - a +0 robe
 q - a +0 tower shield
 u - a +2 robe of fire resistance
 B - a +0 ring mail (worn)
 M - a +0 cloak (worn)
Jewellery
 n - a +6 ring of intelligence
 s - a +6 ring of intelligence
 I - a ring of flight
Wands
 m - a wand of charming (8)
 t - a wand of quicksilver (17)
 E - a wand of mindburst (4)
 N - a wand of digging (3)
Scrolls
 d - a scroll of fog {unknown}
 e - 2 scrolls of amnesia
 i - 3 scrolls of teleportation
 j - a scroll of immolation
 k - a scroll of acquirement {unknown}
 l - 2 scrolls of noise
 o - a scroll of enchant armour {unknown}
 x - a scroll of torment {unknown}
 C - a scroll of vulnerability {unknown}
 F - 2 scrolls of poison
 H - a scroll of summoning {unknown}
 J - a scroll of enchant weapon {unknown}
Potions
 h - 4 potions of flight
 p - 2 potions of brilliance
 r - a potion of heal wounds
 v - a potion of invisibility {unknown}
 w - 3 potions of attraction
 A - 2 potions of mutation
 D - a potion of might {unknown}
 G - a potion of magic {unknown}
 L - 3 potions of haste


   Skills:
 + Level 5.4 Fighting
 - Level 5.6 Long Blades
 + Level 4.0 Armour
 + Level 3.0 Dodging
 + Level 6.2 Stealth
 + Level 0.4 Shields
 - Level 2.2 Spellcasting
 - Level 2.7 Translocations
 - Level 2.5 Air Magic
 - Level 2.0 Evocations


You had 8 spell levels left.
You knew the following spells:

 Your Spells              Type           Power      Damage    Failure   Level
a - Vhi's Electric Charg  Tloc/Air       12%        N/A       50%         3

Your spell library contained the following spells:

 Spells                   Type           Power      Damage    Failure   Level
 Poisonous Vapours        Pois/Air       6%         N/A       45%         2
 Beastly Appendage        Tmut           2%         N/A       50%         1
 Sting                    Tmut/Pois      4%         1d3       50%         1
 Wereblood                Tmut           1%         N/A       63%         2
 Ozocubu's Armour         Ice            1%         N/A       86%         3
 Spider Form              Tmut/Pois      1%         N/A       86%         3
 Olgreb's Toxic Radiance  Pois           1%         N/A       99%         4
 Arcjolt                  Conj/Air       1%         1d11      100%        5
 Metabolic Englaciation   Hex/Ice        0%         N/A       100%        5
 Simulacrum               Ice/Necr       0%         N/A       100%        6
 Maxwell's Capacitive Co  Air            3%         ∞         100%        8


Dungeon Overview and Level Annotations

Branches:
Dungeon (8/15)             Temple (1/1) D:6         Ossuary (visited)
   Lair: D:8-11

Altars:
Ashenzari
Cheibriados
Dithmenos
Elyvilon
Fedhas
Gozag
Hepliaklqana
Kikubaaqudgha
Makhleb
Nemelex Xobeh
Okawaru
Qazlal
Ru
Sif Muna
Trog
Uskayaw
Vehumet
Wu Jian
Xom
Yredelemnul
Zin
The Shining One

Annotations:
D:3 Sigmund
D:4 exclusion: black bear
D:5 3 runed translucent doors, MAFIAMEASN's ghost, novice MiBe
D:6 Eustachio
D:8 4 runed translucent doors, exclusion: orc priest


Innate Abilities, Weirdness & Mutations

You are completely covered in rugged brown scales. (AC +3, +7% HP)
Armour fits poorly on your strangely shaped body.
You have a long armoured tail.
You roll when moving toward enemies. (Rampage)
Your long tongue fully drains potion bottles. (2x potion effects)
Your tongue gives you trouble enunciating. (1.5x scroll delay)


Message History

Press ? for a list of commands and other information.
You feel sick.
There is a stone staircase leading down here.
You see here a killer bee corpse.
You feel sick.
You feel sick.
You feel sick.
You feel sick.
You feel sick.
You are no longer poisoned.
There is a stone staircase leading up here.
There is an open door here.
Magic restored.
There is a stone staircase leading down here.
You climb downwards.
Level annotation: 4 runed translucent doors, exclusion: orc priest
There is a stone staircase leading up here.
HP restored.
i - 3 scrolls of teleportation (gained 1)
Found three altars.
g - 62 stones (gained 5)
Found a stone staircase leading down.
A centaur comes into view.
You roll towards the centaur!
Found a scroll labelled KYIXTA TOAPOUV.
You roll towards the centaur!
You sense an unholy aura.
O - a +2 dagger of draining (weapon)
You roll towards the centaur!
The helpless centaur fails to defend itself.
You impale the centaur!!
You kill the centaur!
Your life force feels restored.
Your Dodging skill increases to level 3!
k - a scroll labelled KYIXTA TOAPOUV You see here a +0 shortbow.
You now have 305 gold pieces (gained 11). 2 wights come into view.
A wight comes into view. It is wielding a +0 long sword.
Okay, then.
Are you sure you want to abandon this character and quit the game? (Confirm with "yes".)

#.............## #
#..........)...# #.
#..............## ##.##
#...............## ##....##
#................#
###..#....##
#...............##
.......#...###..............##
.........#.z.#.............##
..........##....@.........##
...........###...........##
...........# ##..........#
............ ###........##
.........z..# ##....##..# ##
........z.... ##.#.....######.
#.........z.## ####.....##....
#..........# ###.......##
#####. ###..####


You could see a wight.

Vanquished Creatures
  2 orc warriors
  2 black bears
  2 centaurs (D:8)
  An ogre (D:6)
  An elf zombie (Ossuary)
  2 necrophages
  2 scorpions
  3 killer bees
  2 human zombies (Ossuary)
  2 gnoll boudas (D:7)
  2 orc priests (D:7)
  4 hounds
  A jelly (D:7)
  Jessica (D:2)
  3 iguanas
  Natasha (D:4)
  4 orc wizards
  Terence (D:3)
  2 mummies (Ossuary)
  7 gnolls
  12 adders
  A shadow imp (D:7)
  2 ufetubi
  An adder zombie (Ossuary)
  A worm (D:3)
  4 dart slugs
  16 orcs
  4 endoplasms
  2 giant cockroaches
  7 goblins
  7 hobgoblins
  2 jackals (D:1)
  3 quokkas
  10 ball pythons
  5 bats
  3 frilled lizards
  2 goblin zombies (Ossuary)
  10 hobgoblin zombies (Ossuary)
  2 jackal zombies (Ossuary)
  4 kobolds
  9 kobold zombies (Ossuary)
  9 orc zombies (Ossuary)
  4 rats
  A rat zombie (Ossuary)
166 creatures vanquished.

Notes
Turn   | Place    | Note
-------+----------+-------------------------------------------
     0 | D:1      | coraxio the Armataur Monk began the quest for the Orb.
     0 | D:1      | Reached XP level 1. HP: 19/19 MP: 1/1
   395 | D:1      | Reached XP level 2. HP: 25/26 MP: 2/2
   881 | D:2      | You fall into a shaft and drop 1 floor!
   940 | D:3      | Noticed Sigmund
  1049 | D:2      | Reached XP level 3. HP: 33/33 MP: 3/3
  1221 | D:2      | Noticed Jessica
  1233 | D:2      | Killed Jessica
  1234 | D:2      | Reached skill level 3 in Stealth
  1286 | D:2      | Reached XP level 4. HP: 33/40 MP: 4/4
  2025 | D:3      | Noticed Terence
  2035 | D:3      | Killed Terence
  2283 | D:3      | Reached skill level 1 in Evocations
  2283 | D:3      | Reached XP level 5. HP: 35/48 MP: 5/5
  2710 | D:4      | Reached skill level 4 in Stealth
  2995 | D:4      | Noticed a black bear
  3144 | D:4      | Noticed Natasha
  3163 | D:4      | Killed Natasha
  3204 | D:4      | Reached skill level 1 in Armour
  3204 | D:4      | Reached XP level 6. HP: 46/55 MP: 6/6
  3573 | D:5      | Entered Level 5 of the Dungeon
  3971 | D:5      | Found a runed translucent gate.
  3971 | D:5      | Found a runed translucent gate.
  3971 | D:5      | Found a runed translucent gate.
  3977 | D:5      | Noticed MAFIAMEASN's ghost (novice MiBe)
  4306 | D:5      | Reached XP level 7. HP: 34/64 MP: 7/7
  4484 | D:6      | Found a staircase to the Ecumenical Temple.
  4519 | Temple   | Entered the Ecumenical Temple
  4519 | Temple   | Found a transporter.
  4519 | Temple   | Found a transporter.
  4521 | Temple   | Found a transporter.
  4521 | Temple   | Found a transporter.
  4567 | Temple   | Became a worshipper of Uskayaw the Reveller
  4567 | Temple   | Reached * piety under Uskayaw
  4617 | D:6      | Reached ** piety under Uskayaw
  4624 | D:6      | Reached skill level 5 in Stealth
  4699 | D:6      | Learned a level 3 spell: Vhi's Electric Charge
  4995 | D:6      | Reached skill level 1 in Translocations
  5120 | D:6      | Noticed Eustachio
  5289 | D:6      | Reached skill level 1 in Air Magic
  5597 | D:7      | Reached skill level 1 in Spellcasting
  5597 | D:7      | Reached XP level 8. HP: 32/71 MP: 5/9
  5672 | D:7      | Found a sand-covered staircase.
  5679 | Ossuary  | Entered an ossuary
  5810 | Ossuary  | Reached *** piety under Uskayaw
  5940 | Ossuary  | Reached skill level 5 in Fighting
  6306 | D:7      | Found an iron altar of Okawaru.
  6347 | D:7      | Reached **** piety under Uskayaw
  6579 | D:7      | Reached skill level 5 in Long Blades
  6744 | D:7      | Upgraded the game from 0.30-a0-459-g9104f0fc43 to
                  | 0.30-a0-462-gd5975efbca
  7036 | D:7      | Found a snail-covered altar of Cheibriados.
  7649 | D:8      | Found a huge runed translucent gate.
  7650 | D:8      | Found a huge runed translucent gate.
  7650 | D:8      | Noticed a polar bear
  7650 | D:8      | Found a huge runed translucent gate.
  7650 | D:8      | Noticed a polar bear
  7651 | D:8      | Noticed a manticore
  7656 | D:8      | Noticed a polar bear
  7663 | D:8      | Reached skill level 6 in Stealth
  7674 | D:8      | Found a huge runed translucent gate.
  7674 | D:8      | Noticed a dream sheep
  7675 | D:8      | Noticed a polar bear
  8030 | D:8      | Found a white marble altar of Elyvilon.
  8030 | D:8      | Found a glowing golden altar of the Shining One.
  8030 | D:8      | Found a glowing silver altar of Zin.
  8150 | D:8      | Quit the game

Illustrated notes

Levels and vault maps discovered:
D:1:      wheals_arrival_linesprint, layout_loops_cross, minmay_misc_feat_iff
D:2:      layout_basic, uniq_jessica
D:3:      layout_loops_ring, minmay_liquid_box, minmay_crystal_water,
          uniq_sigmund, uniq_terence
D:4:      layout_basic, uniq_natasha
D:5:      layout_rooms, gammafunk_ghost_necromancy
D:6:      layout_rooms, minmay_temple_entry_grid, hangedman_decor_growths,
          uniq_eustachio
D:7:      layout_loops_corners, kennysheep_little_box,
          okawaru_ov_weapons_minmay, nicolae_ossuary_entry_false_entrances
D:8:      lemuel_bear_cage, layout_cave_pods, dreamdust_divine_triumvirate
Temple:   hellmonk_temple_divided_pantheon

Skill      XL: |  1  2  3  4  5  6  7  8 |
---------------+-------------------------+-----
Long Blades    | 3 4 5 |  5.6
Fighting       | 3 4 5 |  5.4
Stealth        | 3 4 5 6 |  6.2
Evocations     | 1 2 |  2.0
Armour         | 1 3 4 |  4.0
Translocations | 1 2 |  2.7
Air Magic      | 1 2 |  2.5
Spellcasting   | 1 2 |  2.2
Dodging        | 3 |  3.0
Shields        | |  0.4

Action                   |  1- 3 |  4- 6 |  7- 9 || total
-------------------------+-------+-------+-------++-------
Melee: Falchion          |    86 |   188 |   307 ||   581
       Tailslap          |    10 |    26 |    64 ||   100
       Punch             |     1 |     1 |     4 ||     6
       Hand axe          |       |    26 |     5 ||    31
       Dagger            |       |       |    37 ||    37
Throw: Stone             |       |     1 |     4 ||     5
Invok: Line Pass         |       |       |     6 ||     6
       Stomp             |       |       |     5 ||     5
Evoke: Wand              |       |     2 |     6 ||     8
  Use: Scroll            |     1 |     2 |    10 ||    13
       Potion            |       |     3 |     8 ||    11
 Stab: Sleeping          |     4 |    13 |     7 ||    24
       Distracted        |     1 |     1 |       ||     2
       Confused          |       |       |     1 ||     1
       Paralysed         |       |       |     6 ||     6
Armor: Robe              |    38 |    64 |       ||   102
       Skin              |     1 |       |       ||     1
       Ring mail         |       |    43 |   158 ||   201
Dodge: Dodged            |    45 |   144 |   199 ||   388

Table legend: (Time is in decaauts)
 A = Elapsed time spent in this place.
 B = Non-inter-level travel time spent in this place.
 C = Inter-level travel time spent in this place.
 D = Time resting spent in this place.
 E = Time spent auto-exploring this place.
 F = Levels seen in this place.
 G = Mean time per level.
                   A        B        C        D        E       F      G
               +--------+--------+--------+--------+--------+-----+--------+
         Total |   8211 |   7772 |    439 |    265 |   5618 |  10 |  821.1 |
       Dungeon |   7567 |   7128 |    439 |    265 |   5240 |   8 |  945.9 |
        Temple |     63 |     63 |      0 |      0 |      0 |   1 |   63.0 |
       Ossuary |    580 |    580 |      0 |      0 |    378 |   1 |  580.0 |
               +--------+--------+--------+--------+--------+-----+--------+

Top non-repeatable levels by time:
     D:7: 1693 daAuts
     D:3: 1054 daAuts
     D:4: 1051 daAuts
     D:6: 1012 daAuts
     D:1: 920 daAuts
     D:5: 883 daAuts
     D:2: 633 daAuts
 Ossuary: 580 daAuts
     D:8: 317 daAuts
  Temple: 63 daAuts
